AoeStats
← Cutloose

Pilgrims

510068080Analyzed
4v4 RM · 4d ago on Sep 29, 2026· 33m 1s· 8 players
Game mode
Random Map
Map size
Large (8 player)
Population
200
Speed
Normal
Resources
Standard
Victory
Conquest
Starting age
Dark Age
Ending age
Imperial Age
RankedLock teamsTeams togetherTeam positionsShared explorationLock speedFull tech treeHidden civsTurbo modeCheats
Victory
Defeat
🇺🇸 Vietnamese · United States
1181
+14
🇯🇵 Spanish · Japan
1151
+16
🇦🇺 Slavs · Australia
1141
+16
🇦🇺 Franks · Australia
1101
+17
🇦🇺 Hindustanis · Australia
1178
-17
🇦🇺 Varangians · Australia
1146
-16
🇦🇺 Magyars · Australia
1144
-16
🇦🇺 Persians · Australia
1094
-14
AbIGwAteRmElOn
9:16 Loom
11:41 Feudal Age
12:07 Town Watch
12:58 Wheelbarrow
14:43 Double-Bit Axe
15:13 Fishing Lines
17:17 Stone Mining
17:19 Gold Mining
20:42 Castle Age
19:01 Bloodlines
18:43 Fletching
18:56 Horse Collar
21:17 Forging
21:13 Scale Barding Armor
22:28 Bow Saw
22:22 Husbandry
23:19 Gold Shaft Mining
28:00 Detinets
28:21 Hand Cart
28:07 Town Patrol
28:27 Gillnets
31:53 Heavy Plow
32:38 Bodkin Arrow
33:04 Chain Barding Armor
33:20 Iron Casting
KJI
10:24 Feudal Age
11:10 Double-Bit Axe
13:25 Gold Mining
17:00 Loom
18:04 Fletching
22:09 Castle Age
21:59 Stone Mining
23:25 Medium Warships
24:24 Wheelbarrow
24:01 Bow Saw
26:01 Padded Archer Armor
28:46 Horse Collar
32:22 Leather Archer Armor
Chef
12:07 Feudal Age
16:43 Castle Age
15:02 Double-Bit Axe
15:46 Loom
16:11 Fletching
17:21 Loom
18:32 Bodkin Arrow
20:07 Bow Saw
26:19 Imperial Age
24:45 Padded Archer Armor
25:13 Ballistics
29:29 Chemistry
29:44 Bracer
Cutloose
9:49 Loom
11:42 Feudal Age
12:10 Man-at-Arms
16:27 Double-Bit Axe
18:18 Fletching
23:55 Castle Age
24:19 Scale Barding Armor
25:17 Wheelbarrow
25:23 Crossbowman
27:11 Husbandry
27:48 Forging
32:11 Iron Casting
33:34 Chain Barding Armor
Duke Jbang
4:36 Loom
12:30 Feudal Age
14:02 Fletching
17:40 Castle Age
17:41 Double-Bit Axe
18:24 Bodkin Arrow
24:15 Bow Saw
24:54 Careening
25:51 Ballistics
28:48 Wheelbarrow
27:59 Town Watch
SavLord
8:37 Loom
11:12 Feudal Age
12:15 Double-Bit Axe
17:44 Castle Age
19:40 Scale Barding Armor
20:02 Bow Saw
22:31 Wheelbarrow
21:44 Town Watch
22:36 Chain Barding Armor
23:37 Horse Collar
28:46 Wheelbarrow
27:57 Town Watch
31:07 Bloodlines
30:57 Husbandry
Count Bellington
6:20 Loom
13:55 Feudal Age
20:46 Castle Age
22:52 Wheelbarrow
Sultan Steve0
11:21 Feudal Age
10:26 Loom
17:01 Castle Age
16:01 Double-Bit Axe
16:26 Scale Barding Armor
16:31 Forging
16:35 Bloodlines
18:00 Bow Saw
20:09 Wheelbarrow
20:29 Town Watch
22:43 Horse Collar
25:30 Gold Mining
26:39 Husbandry
Connection lost

Rejoining the realm…

Still unreachable

The connection could not be restored.

Session expired

The server has moved on; the page needs a fresh start.